 Dungeon Crawl Stone Soup version 0.17-a0-1420-geb41feb (webtiles) character file.

35 Poakki the Skirmisher (level 3, 0/33 HPs)
             Began as a Hill Orc Fighter on June 24, 2015.
             Slain by Sigmund
             ... wielding a +0 scythe
              (10 damage)
             ... on level 2 of the Dungeon.
             The game lasted 00:08:51 (1118 turns).

Poakki the Skirmisher (Hill Orc Fighter)            Turns: 1118, Time: 00:08:51

Health: 0/33       AC:  6    Str: 19    XL:     3   Next: 35%
Magic:  3/3        EV:  7    Int:  8    God:
Gold:   73         SH:  0    Dex: 10    Spells: 0 memorised, 2 levels left

rFire  . . .     SeeInvis .     a - +0 war axe
rCold  . . .     Clarity  .     b - +0 scale mail
rNeg   . . .     SustAt   .     c - +0 shield
rPois  .         Gourm    .     (no helmet)
rElec  .         Spirit   .     (no cloak)
rCorr  .         Warding  .     (no gloves)
rMut   .         Stasis   .     (no boots)
MR     .....                    (no amulet)
Stlth  ..........               (no ring)
                                (no ring)

@: confused, not resistant to hostile enchantments, extremely unstealthy
A: no striking features
a: no special abilities


You were on level 2 of the Dungeon.
You were hungry.

You visited 1 branch of the dungeon, and saw 2 of its levels.

You collected 73 gold pieces.

Inventory:

Hand weapons
 a - a +0 war axe (weapon)
Missiles
 f - 4 silver tomahawks
 i - 40 stones (quivered)
 k - 8 curare-tipped needles
Armour
 b - a +0 scale mail (worn)
 c - a +0 shield (worn)
 u - a +0 buckler
Jewellery
 g - an uncursed ring of positive energy {unknown}
Scrolls
 h - 3 scrolls of identify {unknown}
 m - a scroll of enchant weapon {unknown}
 n - a scroll of teleportation {unknown}
 p - a scroll of remove curse {unknown}
 q - a scroll of fog {unknown}
 v - a scroll of amnesia {unknown}
Potions
 d - a potion of might
 j - a potion of mutation {unknown}
 o - a potion of heal wounds {unknown}
 t - a potion of haste {unknown}
Comestibles
 e - 3 bread rations
 l - a chunk of flesh
 r - a beef jerky
 s - a slice of pizza


   Skills:
 + Level 4.2 Fighting
 + Level 2.9 Axes
 + Level 0.2 Throwing
 + Level 3.5 Armour
 + Level 0.2 Dodging
 + Level 0.1 Stealth
 + Level 3.7 Shields


You had 2 spell levels left.
You didn't know any spells.

Dungeon Overview and Level Annotations

Branches:
Dungeon (2/15)

Altars:

Annotations:
D:2 Sigmund


Message History

The quokka barely misses you.
The quokka bites you but does no damage.
A puff of flame appears from out of thin air!
The puff of flame hits you!
You see here 6 gold pieces.
The quokka bites you but does no damage.
The quokka bites you but does no damage.
A puff of flame appears from out of thin air!
The puff of flame hits the quokka.
The quokka dies!
You're too confused to move!
A puff of flame appears from out of thin air!
The puff of flame hits you!
You hear some strange, mumbled words.
A puff of flame appears from out of thin air!
The puff of flame hits you!
You hear some strange, mumbled words.
You are more confused.
You're too confused to move!
Something hits you!
You die...

##.##...#### #.##........ #...
#.....### #### #...........
##... #...###
##...##............#.... #[..#
#....................... ##.##
#......##...........##.. #.#
#..................# #.. #.#
#..................###.. #.#
#......#............##.# #.#
#...#.@................
#.###########...............#...
#..........................#....
#.....######....#..........#....
#.....######..#.................
#.....................$....#....
#.....######....................
#.....# #.......#............
#.....# .......$.............


There were no monsters in sight!

Vanquished Creatures
  3 worms (D:2)
  3 goblins
  5 hobgoblins (D:1)
  5 kobolds
  3 bats
  A giant newt (D:1)
  5 rats
25 creatures vanquished.

Vanquished Creatures (others)
  A quokka (D:2)
1 creature vanquished.

Grand Total: 26 creatures vanquished

Notes
Turn   | Place    | Note
--------------------------------------------------------------
     0 | D:1      | Poakki the Hill Orc Fighter began the quest for the Orb.
     0 | D:1      | Reached XP level 1. HP: 19/19 MP: 1/1
   221 | D:1      | Reached XP level 2. HP: 27/27 MP: 2/2
   263 | D:1      | Reached skill level 4 in Fighting
   768 | D:2      | Reached XP level 3. HP: 33/33 MP: 3/3
  1086 | D:2      | Noticed Sigmund
  1118 | D:2      | Slain by Sigmund

Vault maps used:
D:1:      enne_arrival_octagon_isle
D:2:      nicolae_ru_sacrificial_ziggurat, uniq_sigmund

Action                   || total
-------------------------++-------
Melee: War axe           ||    77
Throw: Stone             ||    76
